 Dungeon Crawl Stone Soup version 0.23-a0-326-gb49dddc804 (webtiles) character file.

361 Napalmbreeze the Chiller (level 6, -7/47 HPs)
             Began as a Barachi Ice Elementalist on Oct 16, 2018.
             Mangled by an ogre
             ... wielding a +0 giant spiked club
              (30 damage)
             ... on level 5 of the Dungeon.
             The game lasted 00:10:23 (5047 turns).

Napalmbreeze the Chiller (Barachi Ice Elementalist) Turns: 5047, Time: 00:10:23

Health: -7/47      AC:  6    Str:  9    XL:     6   Next: 66%
Magic:  3/11       EV: 12    Int: 17    God:
Gold:   169        SH:  0    Dex: 13    Spells: 3/12 levels left

rFire    . . .     SeeInvis .   x - +2 war axe (venom)
rCold    . . .     Gourm    .   (no shield)
rNeg     . . .     Faith    .   a - +0 robe
rPois    .         Spirit   .   m - +2 helmet
rElec    .         Reflect  .   (no cloak)
rCorr    .         Harm     .   (no gloves)
MR       .....                  y - +0 pair of boots
Stlth    ++........             (no amulet)
HPRegen  0.15/turn              (no ring)
MPRegen  0.12/turn              (no ring)

@: very slightly contaminated, slow
A: +LOS, swims, slowness 1, strong legs 1
a: Hop


You were on level 5 of the Dungeon.
You were not hungry.

You visited 1 branch of the dungeon, and saw 5 of its levels.

You collected 169 gold pieces.

Inventory:

Hand Weapons
 d - a +0 dagger
 x - a +2 war axe of venom (weapon)
Missiles
 q - 3 steel javelins (quivered)
Armour
 a - a +0 robe (worn)
 m - a +2 helmet (worn)
 y - a +0 pair of boots (worn)
Wands
 u - a wand of iceblast (4)
 w - a wand of enslavement (8)
Scrolls
 b - a scroll of remove curse
 e - 3 scrolls of identify
 f - 2 scrolls of amnesia {unknown}
 g - a scroll of enchant weapon {unknown}
 j - 2 scrolls of immolation {unknown}
 n - a scroll of enchant armour {unknown}
 o - 2 scrolls of magic mapping {unknown}
 p - a scroll of fear {unknown}
 s - a scroll of teleportation {unknown}
Potions
 h - 3 potions of might {unknown}
 i - a potion of resistance {unknown}
 k - 2 potions of mutation {unknown}
 l - a potion of haste {unknown}
 r - 2 potions of lignification {unknown}
 t - a potion of magic {unknown}
 v - 2 potions of heal wounds {unknown}
 A - a potion of berserk rage {unknown}
Comestibles
 c - 7 rations
 z - 3 chunks of flesh


   Skills:
 + Level 3.3 Fighting
 + Level 0.5 Axes
 - Level 2.1 Dodging
 - Level 1.7 Stealth
 + Level 3.6 Spellcasting
 - Level 1.1 Conjurations
 + Level 2.3 Summonings
 * Level 6.3 Ice Magic


You had 3 spell levels left.
You knew the following spells:

 Your Spells              Type           Power        Failure   Level  Hunger
a - Freeze                Ice            ###.         1%          1    None
s - Throw Icicle          Conj/Ice       ###.....     34%         4    ####...
w - Summon Ice Beast      Ice/Summ       ###.....     26%         4    ####...

Your spell library contained the following spells:

 Spells                   Type           Power        Failure   Level  Hunger
 Throw Frost              Conj/Ice       ###...       5%          2    ##.....
 Ozocubu's Armour         Chrm/Ice       ##......     13%         3    ###....


Dungeon Overview and Level Annotations

Branches:
Dungeon (5/15)
 Temple: D:4-7

Altars:
Fedhas
Okawaru


Innate Abilities, Weirdness & Mutations

Shadows flee at your approach. (+LOS)
You can swim through water.
You cover ground slowly.
You can hop short distances.


Message History

Confirm with . or Enter, or press ? or * to list all spells.
You don't have enough magic to cast that spell.
The ogre completely misses you.
You hit the ogre.
The ogre is lightly wounded.
The ogre closely misses you.
You slash the ogre!
The ogre is poisoned.
The ogre is moderately wounded.
The ogre hits you with a +0 giant spiked club!!
Ouch! That really hurt!
Casting: Throw Icicle (quite dangerous; 34% risk of failure)
Confirm with . or Enter, or press ? or * to list all spells.
Aiming: Freeze (safe; 1% risk of failure)
Press: ? - help, Shift-Dir - straight line, f/p - ogre
Aim: an ogre, wielding a +0 giant spiked club (severely wounded, poisoned)
You freeze the ogre.
The ogre is almost dead.
The ogre hits you with a +0 giant spiked club!!
Ouch! That really hurt!
You die...

###.# ..
######.#####...
#..............
###.#....##......
.................
###.#....##......
# #....# .....
#.#.## #...
#.#.#@###..# ..
#....O.....# +
#####.###### #.#
#.# #.#
#.######....
#.......#
#######.....


You could see an ogre.

Vanquished Creatures
  A scorpion (D:5)
  An orc wizard (D:4)
  A hound (D:4)
  A worker ant (D:5)
  Robin (D:2)
  3 gnolls (D:4)
  8 adders
  3 worms
  A dart slug (D:1)
  A leopard gecko (D:1)
  8 orcs
  13 bats
  3 giant cockroaches
  18 goblins
  13 hobgoblins
  6 jackals
  5 kobolds
  A quokka (D:4)
  A ball python (D:1)
  4 frilled lizards
  A leopard gecko skeleton (D:4)
  7 rats
101 creatures vanquished.

Notes
Turn   | Place    | Note
-------+----------+-------------------------------------------
     0 | D:1      | Napalmbreeze the Barachi Ice Elementalist began the quest
                  | for the Orb.
     0 | D:1      | Reached XP level 1. HP: 13/13 MP: 3/3
   237 | D:1      | Reached skill level 4 in Ice Magic
   237 | D:1      | Reached XP level 2. HP: 17/20 MP: 3/5
   534 | D:1      | Reached skill level 1 in Fighting
   748 | D:1      | Reached XP level 3. HP: 22/26 MP: 2/6
  1362 | D:2      | Reached XP level 4. HP: 33/33 MP: 5/8
  1439 | D:2      | Learned a level 4 spell: Summon Ice Beast
  1551 | D:2      | Reached skill level 5 in Ice Magic
  1554 | D:2      | Found a blossoming altar of Fedhas.
  1651 | D:2      | Found an iron altar of Okawaru.
  1819 | D:2      | Noticed Robin
  1867 | D:2      | Killed Robin
  2328 | D:2      | Reached skill level 1 in Summonings
  2437 | D:2      | Reached XP level 5. HP: 23/38 MP: 7/9
  2854 | D:3      | Learned a level 4 spell: Throw Icicle
  3820 | D:4      | Reached XP level 6. HP: 46/46 MP: 11/11
  4077 | D:4      | Reached skill level 6 in Ice Magic
  4672 | D:5      | Entered Level 5 of the Dungeon
  5047 | D:5      | Mangled by an ogre

Vault maps used:
D:1:      dpeg_arrival_refuge, chequers_jeans, chequers_arboretum
D:2:      fedhas_altar_4, okawaru_ov_weapons_minmay, uniq_robin
D:3:      first_ration, hex_large
D:5:      lemuel_round_altar, grunt_dithmenos_smoke_and_mirrors, temple_statues,
          basic_altar

Skill      XL: |  1  2  3  4  5  6 |
---------------+-------------------+-----
Ice Magic      | 4 5 6 |  6.3
Fighting       | 1 2 3 |  3.3
Spellcasting   | 3 |  3.6
Summonings     | 1 2 |  2.3
Axes           | |  0.5
Dodging        | |  2.1
Stealth        | |  1.7
Conjurations   | |  1.1

Action                   |  1- 3 |  4- 6 || total
-------------------------+-------+-------++-------
Melee: Dagger            |    71 |    97 ||   168
       War axe           |       |    34 ||    34
Throw: Javelin           |       |     2 ||     2
 Cast: Freeze            |    35 |    88 ||   123
 Abil: Hop               |       |     2 ||     2
  Use: Scroll            |       |     3 ||     3
 Stab: Sleeping          |     4 |     7 ||    11
  Eat: Chunk             |     2 |    13 ||    15
Armor: Robe              |    18 |    50 ||    68
Dodge: Dodged            |    68 |   148 ||   216

Table legend:
 A = Non-vault XP
 B = Vault XP
 C = Vault XP percentage of total XP
 D = Non-vault monster count
 E = Vault monster count
 F = Vault count percentage of total count
                 A         B        C        D         E       F
            +---------+---------+-------+---------+---------+-------
      Total |     483 |      34 |   6.6 |      89 |      12 |  11.9
            +---------+---------+-------+---------+---------+-------
        D:1 |      51 |       0 |   0.0 |      30 |       0 |   0.0
        D:2 |      88 |      34 |  27.9 |      26 |      12 |  31.6
        D:3 |      45 |       0 |   0.0 |      12 |       0 |   0.0
        D:4 |     191 |       0 |   0.0 |      18 |       0 |   0.0
        D:5 |     108 |       0 |   0.0 |       3 |       0 |   0.0
            +---------+---------+-------+---------+---------+-------
